 Dungeon Crawl Stone Soup version 0.28-b1-25-g9875b3fc8c (webtiles) character file.

Game seed: 10598022025330927953

30 belegose the Poker (level 3, -1/29 HPs)
             Began as a Merfolk Cinder Acolyte on Feb 1, 2022.
             Was a High Priest of Ignis.
             Slain by an adder (2 damage)
             ... on level 2 of the Dungeon.
             The game lasted 00:03:24 (1555 turns).

belegose the Poker (Merfolk Cinder Acolyte)         Turns: 1555, Time: 00:03:24

Health: -1/29      AC:  2    Str: 14    XL:     3   Next: 20%
Magic:  4/4        EV: 11    Int: 15    God:    Ignis [*****.]
Gold:   39         SH:  0    Dex:  9    Spells: 4/4 levels left

rFire   + . .      SeeInvis .   a - -1 spear (flame)
rCold   . . .      Faith    .   (no shield)
rNeg    . . .      Spirit   .   b - +0 robe
rPois   .          Reflect  .   (no helmet)
rElec   .          Harm     .   (no cloak)
rCorr   .          Rampage  .   (no gloves)
Will    .....                   (no boots)
Stlth   +.........              (no amulet)
HPRegen 0.09/turn               (no ring)
MPRegen 0.09/turn               (no ring)

@: no status effects
A: (nimble swimmer 2), mertail
a: Renounce Religion, Fiery Armour, Foxfire Swarm, Rising Flame


You were on level 2 of the Dungeon.
You worshipped Ignis.
Ignis was extremely pleased with you.
You visited 1 branch of the dungeon, and saw 2 of its levels.

You collected 39 gold pieces.

Inventory:

Hand Weapons
 a - a -1 spear of flaming (weapon)
Missiles
 d - 20 sling bullets
 f - 27 stones (quivered)
 g - 5 poisoned darts
Armour
 b - a +0 robe (worn)
Scrolls
 c - a scroll of brand weapon {unknown}
 i - a scroll of fog {unknown}
Potions
 h - a potion of brilliance {unknown}


   Skills:
 + Level 3.6 Fighting
 + Level 4.8 Polearms
 + Level 0.7 Throwing
 + Level 1.4 Dodging
 + Level 1.3 Stealth
 - Level 1.0 Spellcasting
 - Level 2.1 Fire Magic


You had 4 spell levels left.
You didn't know any spells.
Your spell library contained the following spells:

 Spells                   Type           Power      Damage    Failure   Level
 Scorch                   Fire           14%        2d6       16%         2


Dungeon Overview and Level Annotations

Branches:
Dungeon (2/15)

Altars:

Shops:
D:1 [[=


Innate Abilities, Weirdness & Mutations

((You are very nimble when in or above water. (Stealth+, EV+, Speed+++)))
Your lower body shifts to a powerful aquatic tail in water.


Message History

You closely miss the adder.
The adder is moderately wounded.
The adder closely misses you.
You miss the adder.
The adder is moderately wounded.
The adder closely misses you.
You completely miss the adder.
The adder is moderately wounded.
The adder bites you.
You are poisoned.
The adder poisons you!
You miss the adder.
The adder is moderately wounded.
You feel sick. The adder barely misses you.
You miss the adder.
The adder is moderately wounded.
You feel sick. The adder bites you.
You miss the adder.
The adder is moderately wounded.
You feel sick. The adder bites you.
You barely miss the adder.
The adder is moderately wounded.
You feel sick. The adder closely misses you. The adder bites you.
* * * LOW HITPOINT WARNING * * *
You hit the adder. You burn the adder. Your punch misses the adder.
The adder is almost dead.
You feel sick.
You are no longer poisoned.
The adder bites you.
* * * LOW HITPOINT WARNING * * *
You miss the adder.
The adder is almost dead.
The adder closely misses you.
You barely miss the adder.
The adder is almost dead.
The adder bites you.
* * * LOW HITPOINT WARNING * * *
It was a potion of cancellation.
You feel magically purged. The adder bites you.
You die...

#.#.#.####.# #...
#.#.#.# #.#
#...##.#.#.# #.#
#.....<....# #.#
###..#####.### #.#
..... ..... #.#
..####..#####.#.#
#.#
..)...S..####.#.#
#.# #@......# #
#.# #..###### #.#
#..# #.#
..####..###### #.#
#.......#...<# #.#
. ........#.####.
#.#
#.########........
#.#
..................
#.#
........##........
#.#


You could see an adder.

Vanquished Creatures
  A worm (D:2)
  3 ball pythons
  4 endoplasms
  A goblin (D:2)
  4 hobgoblins
  2 jackals (D:1)
  2 quokkas (D:1)
  4 bats (D:1)
  2 frilled lizards (D:1)
  A rat (D:1)
24 creatures vanquished.

Vanquished Creatures (others)
  2 plants (D:2)
2 creatures vanquished.

Grand Total: 26 creatures vanquished

Notes
Turn   | Place    | Note
-------+----------+-------------------------------------------
     0 | D:1      | belegose the Merfolk Cinder Acolyte began the quest for the
                  | Orb.
     0 | D:1      | Reached XP level 1. HP: 18/18 MP: 2/2
   302 | D:1      | Found Rige's Armour Shop.
   442 | D:1      | Reached XP level 2. HP: 24/24 MP: 3/3
   454 | D:1      | Found Eboc's Jewellery Emporium.
   547 | D:1      | Found Huplexe's Antique Armour Emporium.
   582 | D:1      | Reached skill level 1 in Dodging
   709 | D:1      | Reached skill level 1 in Stealth
  1375 | D:2      | Reached XP level 3. HP: 19/29 MP: 4/4
  1487 | D:2      | Found a faded altar of an unknown god.
  1554 | D:2      | HP: 1/29 [adder (5)]
  1555 | D:2      | Slain by an adder

Illustrated notes

Levels and vault maps discovered:
D:1:      zelgadis_glass_arrival_small, layout_loops_ring, serial_shops, shop,
          shop, nicolae_square_shop
D:2:      layout_basic, basic_altar, dreamdust_ecumenical_altar_grove,
          minmay_mini_jars, uniq_sigmund, uniq_natasha, uniq_terence

Skill      XL: |  1  2 |
---------------+-------+-----
Dodging        | 1 |  1.4
Stealth        | 1 |  1.3
Fighting       | |  3.6
Polearms       | |  4.8
Throwing       | |  0.7
Spellcasting   | |  1.0
Fire Magic     | |  2.1

Action                   || total
-------------------------++-------
Melee: Spear             ||   131
  Use: Potion            ||     1
 Stab: Sleeping          ||     7
Armor: Robe              ||    28
Dodge: Dodged            ||    52
